 Dungeon Crawl Stone Soup version 0.30.0-5-g1a98f26d00 (webtiles) character file.

Game seed: 14710189594389796539

19968 jasper the Severer (level 12, -2/111 HPs)
             Began as a Hill Orc Delver on May 11, 2023.
             Was a High Priest of Beogh.
             Slain by a jumping spider simulacrum (10 damage)
             ... on level 2 of the Lair of Beasts.
             The game lasted 00:22:03 (15058 turns).

jasper the Severer (Hill Orc Delver)               Turns: 15058, Time: 00:22:04

Health: -2/111     AC: 20    Str: 25    XL:     12   Next: 74%
Magic:  17/17      EV:  9    Int:  7    God:    Beogh [*****.]
Gold:   410        SH:  5    Dex: 12    Spells: 11/11 levels left

rFire   + . .        q - +0 broad axe
rCold   . . .        T - +0 buckler
rNeg    . . .        f - +0 chain mail
rPois   .            a - +1 helmet
rElec   .            l - +0 cloak
rCorr   +            L - +1 pair of gloves
SInv    .            H - +1 pair of boots
Will    .....        (no amulet) Stlth
                     C - ring of protection from fire
HPRegen 0.38/turn    y - ring "Qymotov" {rCorr Str+5 Int-3}
MPRegen 0.15/turn

%: no passive effects
@: no status effects
A: walk on water
a: Renounce Religion, Smiting, Recall Orcish Followers, Give Item to Named
Follower


You were on level 2 of the Lair of Beasts.
You worshipped Beogh.
Beogh was extremely pleased with you.
You visited 2 branches of the dungeon, and saw 13 of its levels.
You also visited: Bailey.

You collected 930 gold pieces.
You spent 520 gold pieces at shops.

Inventory:

Hand Weapons
 k - a +0 morningstar
 q - a +0 broad axe (weapon)
 r - a +0 trident
 t - a +0 war axe
 F - a +2 heavy flail
 V - a +3 eveningstar
Missiles
 m - 117 stones (quivered)
 K - 27 poisoned darts
 O - 5 javelins
Armour
 a - a +1 helmet (worn)
 e - a +0 kite shield
 f - a +0 chain mail (worn)
 l - a +0 cloak (worn)
 H - a +1 pair of boots (worn)
 L - a +1 pair of gloves (worn)
 T - a +0 buckler (worn)
Jewellery
 i - a ring of ice
 s - a ring of poison resistance
 u - a ring of flight
 w - a ring of magical power
 y - the ring "Qymotov" (right hand) {rCorr Str+5 Int-3}
   (You found it on level 4 of the Dungeon)

   [ring of resist corrosion]

   Str:       It affects your strength (+5).
   Int:       It affects your intelligence (-3).
   rCorr:     It protects you from acid and corrosion.
 C - a ring of protection from fire (left hand)
 S - a ring of positive energy
Wands
 g - a wand of digging (11)
 x - a wand of flame (33)
 Q - a wand of light (15)
 R - a wand of polymorph (9)
Scrolls
 c - 2 scrolls of fog
 d - 3 scrolls of magic mapping
 j - 6 scrolls of identify
 n - a scroll of torment
 o - a scroll of enchant armour
 v - 2 scrolls of poison
 A - 2 scrolls of noise
 B - a scroll of amnesia {unknown}
 E - 5 scrolls of teleportation
 I - 2 scrolls of blinking
 M - 2 scrolls of immolation
 N - 2 scrolls of enchant weapon
 X - 2 scrolls of fear
Potions
 b - 2 potions of degeneration
 h - 2 potions of flight
 p - a potion of curing
 z - a potion of magic
 D - 3 potions of heal wounds
 G - a potion of resistance
 J - a potion of lignification
 P - 2 potions of haste
 W - 3 potions of brilliance
 Z - a potion of berserk rage
Miscellaneous
 Y - a phantom mirror


   Skills:
 + Level 11.7 Fighting
 - Level 18.0 Axes
 + Level 10.2 Armour
 - Level 1.5 Dodging
 - Level 4.1 Stealth
 + Level 6.5 Shields
 * Level 6.8 Invocations


You had 11 spell levels left.
You didn't know any spells.
Your spell library contained the following spells:

 Spells                   Type           Power      Damage    Failure   Level
 Beastly Appendage        Tmut           0%         N/A       91%         1
 Cigotuvi's Dreadful Rot  Necr/Pois/Air  0%         N/A       97%         2
 Static Discharge         Conj/Air       0%         2-2/arc   97%         2
 Sublimation of Blood     Necr           0%         N/A       97%         2
 Wereblood                Tmut           0%         N/A       97%         2
 Ignite Poison            Fire/Tmut/Pois 0%         N/A       100%        3
 Inner Flame              Hex/Fire       0%         N/A       100%        3
 Spider Form              Tmut/Pois      0%         N/A       100%        3
 Airstrike                Air            0%         2d(0-16)  100%        4
 Flame Wave               Conj/Fire      0%         2d4       100%        4
 Sticky Flame             Conj/Fire      0%         2d3       100%        4
 Summon Lightning Spire   Summ/Air       0%         N/A       100%        4
 Freezing Cloud           Conj/Ice/Air   0%         6-21      100%        5
 Summon Hydra             Summ           0%         N/A       100%        7


Dungeon Overview and Level Annotations

Branches:
Dungeon (11/15)            Temple (0/1) D:6            Lair (2/5) D:11
 Spider (0/4) Lair:2          Orc (0/2) D:11         Bailey (visited)
  Swamp: Lair:2-3    Shoals: Lair:2-3

Altars:
Ashenzari
Gozag
Makhleb
Nemelex Xobeh
Qazlal
Uskayaw
Vehumet
Wu Jian
Zin

Shops:
D:3 *:(   D:4 [   D:8 !

Annotations:
D:5 2 transporters, ebering's ghost, weakling OgDe
D:6 2 transporters, howech's ghost, novice MfHu
D:8 1 runed translucent door, SeerSkye's ghost, novice TrMo
D:9 2 transporters, exclusion: 2 oklob plants, funnyparkerb's ghost, novice KoHu


Message History

The polar bear simulacrum closely misses you. x2
You block the polar bear simulacrum's attack.
The jumping spider simulacrum pounces on Rocco!
The jumping spider simulacrum freezes Rocco!!
The jumping spider simulacrum bites Rocco but does no damage.
Rocco hits the jumping spider simulacrum.
You slash the polar bear simulacrum!
The polar bear simulacrum vaporises!
You miss the tarantella.
The tarantella touches you but does no damage.
The jumping spider simulacrum misses Rocco.
The jumping spider simulacrum bites Rocco but does no damage.
The tarantella barely misses you.
You swap places.
Rocco misses the tarantella.
The tarantella touches you but does no damage.
The jumping spider simulacrum pounces on you.
The jumping spider simulacrum freezes you!
* * * LOW HITPOINT WARNING * * *
The jumping spider simulacrum bites you but does no damage.
You take 16 damage, and have 24/111 hp.
You slice the jumping spider simulacrum!!
The jumping spider simulacrum is almost destroyed.
You closely miss the tarantella. The tarantella touches you.
* * * LOW HITPOINT WARNING * * *
You are confused.
Rocco closely misses the tarantella.
The jumping spider simulacrum barely misses you.
The jumping spider simulacrum bites you.
* * * LOW HITPOINT WARNING * * *
The jumping spider simulacrum freezes you!
* * * LOW HITPOINT WARNING * * *
You take 19 damage, and have 5/111 hp.
MP restored: 17 You feel better.
The tarantella touches you but does no damage.
The jumping spider simulacrum pounces on you but does no damage.
The jumping spider simulacrum bites you.
* * * LOW HITPOINT WARNING * * *
The jumping spider simulacrum freezes you!
You die...

.### . ...### ....#
...#.#### #..... ##.
.÷....#.#####....# .#..
.................###....
.......##..##....#......
......#....###.#.....>..
................Z#......
..#..#####..###.@s.#....
.....#####...#..o°......
...#...##...#.........#.
..##..............=..#.(
##.####.#.##.#...###....
### ########...# ..#.
#..... ## #..P##.# #####
#


You could see a tarantella, a jumping spider simulacrum (ally target) and the
friendly Rocco the orc knight.

Vanquished Creatures
  Gastronok (Lair:2)
  Snorg (D:10)
  A two-headed ogre (D:10)
  3 death yaks (Lair:2)
  Pikel (D:7)
  A black mamba (Lair:2)
  3 cane toads
  2 komodo dragons
  A polar bear (Lair:2)
  Prince Ribbit (D:7)
  4 blink frogs (Lair:1)
  A jumping spider (Lair:2)
  Sigmund (D:3)
  A shadow (D:11)
  3 wyverns
  4 steam dragons
  A basilisk (Lair:1)
  16 yaks
  A vampire mosquito (D:11)
  Menkaure (D:6)
  7 water moccasins
  Duvessa (D:7)
  4 orc warriors
  A sky beast (D:7)
  Pargi (D:3)
  4 black bears
  2 ogres
  An ice beast (D:6)
  5 wolves
  4 centaurs
  A lemure (D:7)
  A phantom (D:6)
  2 kobold brigands (D:7)
  6 bullfrogs
  A gnoll sergeant (D:7)
  3 scorpions
  7 wights
  3 killer bees (D:11)
  A howler monkey (D:8)
  2 electric eels (D:10)
  5 hounds
  Crazy Yiuf (D:7)
  A jelly (D:6)
  3 orc priests
  A sleepcap (D:6)
  An iguana (D:6)
  7 orc wizards
  9 gnolls
  4 adders
  2 worms (D:2)
  A dart slug (D:1)
  29 orcs
  5 bats
  8 endoplasms
  4 giant cockroaches
  7 goblins
  6 hobgoblins
  5 quokkas
  5 ball pythons
  2 frilled lizards (D:1)
  4 kobolds
  8 rats
223 creatures vanquished.

Vanquished Creatures (collateral kills)
  Urug (D:10)
  A pharaoh ant (Lair:2)
  A cyclops (D:10)
  A black mamba (Lair:1)
  Joseph (D:9)
  2 cane toads
  A komodo dragon (D:11)
  A troll (D:11)
  2 polar bears
  2 blink frogs (Lair:1)
  A shadow (D:10)
  A wyvern (Lair:2)
  5 yaks (Lair:1)
  A steam dragon (D:7)
  A water moccasin (Lair:2)
  2 ice beasts (D:6)
  A sky beast (D:7)
  A black bear (D:11)
  A centaur (D:11)
  3 wolves (Lair:1)
  Blork the orc (D:6)
  A scorpion (D:6)
  2 wights (D:6)
  Dowan (D:7)
  A howler monkey (D:7)
  A hound (D:6)
  An orc wizard (D:9)
  An adder (D:6)
  2 ufetubi (D:6)
  2 worms (D:6)
  3 orcs
  4 kobolds
50 creatures vanquished.

Vanquished Creatures (others)
  2 orc priests
  A scorpion (D:4)
  3 orc wizards
  10 orcs
  An endoplasm (D:4)
17 creatures vanquished.

Grand Total: 290 creatures vanquished

Notes
Turn   | Place    | Note
-------+----------+-------------------------------------------
     0 | D:5      | jasper the Hill Orc Delver began the quest for the Orb.
     0 | D:5      | Reached XP level 1. HP: 19/19 MP: 1/1
    36 | D:5      | Reached skill level 3 in Axes
    76 | D:4      | Noticed an orc warrior
    76 | D:4      | Noticed an orc priest
    79 | D:4      | Became a worshipper of Beogh the Brigand
   112 | D:2      | Reached XP level 2. HP: 15/26 MP: 2/2
   228 | D:2      | Reached skill level 4 in Axes
   444 | D:1      | Reached XP level 3. HP: 31/31 MP: 3/3
   661 | D:1      | Reached * piety under Beogh
   664 | D:1      | Reached skill level 5 in Axes
   765 | D:1      | HP: 1/31 [gnoll/+0 whip (7)]
   971 | D:2      | Found a radiant altar of Vehumet.
  1221 | D:2      | Reached XP level 4. HP: 34/39 MP: 4/4
  1355 | D:3      | Noticed Pargi
  1509 | D:3      | Found Geuwn's Weapon Emporium.
  1614 | D:3      | Found Turoig's Book Shop.
  1739 | D:4      | Killed a scorpion
  1758 | D:4      | Reached skill level 6 in Axes
  1991 | D:4      | Identified the ring "Qymotov" {rCorr Str+5 Int-3}
  2105 | D:5      | Noticed a water moccasin
  2139 | D:5      | Killed a water moccasin
  2140 | D:5      | Reached skill level 7 in Axes
  2140 | D:5      | Reached XP level 5. HP: 3/45 MP: 5/5
  2295 | D:5      | Found a transporter.
  2317 | D:5      | Reached skill level 8 in Axes
  2317 | D:5      | Reached XP level 6. HP: 49/52 MP: 6/6
  2365 | D:5      | Noticed a black bear
  2374 | D:5      | Reached skill level 1 in Armour
  2419 | D:5      | Killed a black bear
  2638 | D:5      | Noticed ebering's ghost (weakling OgDe)
  2679 | D:5      | Reached XP level 7. HP: 60/60 MP: 7/7
  2680 | D:5      | Found a transporter.
  2751 | D:6      | Reached skill level 9 in Axes
  2838 | D:6      | Found a staircase to the Ecumenical Temple.
  2973 | D:6      | Reached skill level 5 in Fighting
  3173 | D:6      | Reached skill level 10 in Axes
  3173 | D:6      | Reached XP level 8. HP: 35/69 MP: 8/8
  3629 | D:7      | Noticed Prince Ribbit
  3632 | D:7      | Noticed Pikel
  3813 | D:7      | Reached ** piety under Beogh
  3853 | D:7      | Found a runed translucent door.
  3854 | D:7      | Noticed Crazy Yiuf
  4193 | D:8      | Found Noreschea's Distillery.
  4201 | D:8      | Bought 2 potions of heal wounds for 140 gold pieces
  4201 | D:8      | Bought a potion of curing for 42 gold pieces
  4209 | D:8      | Found a flagged portal.
  4283 | Bailey   | Entered a bailey
  4556 | Bailey   | Reached skill level 11 in Axes
  4577 | Bailey   | HP: 3/70 [orc warrior/+0 glaive (4)]
  4812 | D:8      | Bought a potion of might for 56 gold pieces
  4812 | D:8      | Bought a potion of might for 56 gold pieces
  4953 | D:8      | Noticed SeerSkye's ghost (novice TrMo)
  4953 | D:8      | Noticed a ynoxinul
  4954 | D:8      | Found a runed translucent door.
  5109 | D:8      | Noticed a yak
  5120 | D:8      | Killed a yak
  5127 | D:8      | Noticed a wyvern
  5135 | D:8      | Killed a wyvern
  5136 | D:8      | Reached skill level 5 in Armour
  5136 | D:8      | Reached XP level 9. HP: 37/79 MP: 9/9
  5140 | D:8      | Reached skill level 12 in Axes
  5151 | D:8      | Reached *** piety under Beogh
  6110 | D:8      | Found a glowing silver altar of Zin.
  6249 | D:7      | Killed Prince Ribbit
  6250 | D:7      | Reached skill level 13 in Axes
  6254 | D:7      | Killed Pikel
  6319 | D:3      | Killed Pargi
  6798 | D:3      | Found Toejec's General Store.
  6806 | D:3      | Bought a potion of heal wounds for 50 gold pieces
  6806 | D:3      | Bought a potion of heal wounds for 50 gold pieces
  7002 | D:3      | Noticed Sigmund
  7012 | D:3      | Killed Sigmund
  7013 | D:3      | Reached XP level 10. HP: 86/90 MP: 10/10
  7256 | D:3      | Found a sparkling altar of Nemelex Xobeh.
  7359 | D:3      | Found an opulent altar of Gozag.
  7719 | D:4      | Found Jolanet's Armour Emporium.
  7727 | D:4      | Bought a +0 pair of gloves for 63 gold pieces
  8294 | D:6      | Reached skill level 14 in Axes
  8513 | D:6      | Found a burning altar of Makhleb.
  8527 | D:6      | Noticed Menkaure
  8536 | D:6      | Killed Menkaure
  8638 | D:6      | Found a transporter.
  8638 | D:6      | Noticed howech's ghost (novice MfHu)
  8652 | D:6      | Found a transporter.
  8773 | D:6      | Noticed Blork the orc
  8779 | D:6      | Killed Blork the orc
  9110 | D:7      | Noticed Dowan
  9111 | D:7      | Noticed Duvessa
  9118 | D:7      | Killed Duvessa
  9130 | D:7      | Killed Dowan
  9873 | D:7      | Killed Crazy Yiuf
  9964 | D:4      | Bought a +0 buckler for 63 gold pieces
 10084 | D:9      | Noticed a kobold demonologist
 10110 | D:9      | Found a transporter.
 10110 | D:9      | Noticed Joseph
 10112 | D:9      | Found a transporter.
 10112 | D:9      | Noticed a cyclops
 10116 | D:9      | Noticed funnyparkerb's ghost (novice KoHu)
 10121 | D:9      | Killed Joseph
 10122 | D:9      | Reached skill level 15 in Axes
 10122 | D:9      | Reached skill level 1 in Shields
 10177 | D:9      | Noticed an oklob plant
 10188 | D:9      | Noticed an oklob plant
 10266 | D:9      | Found an ornate altar of the Wu Jian Council.
 10500 | D:9      | Reached **** piety under Beogh
 10691 | D:9      | Reached XP level 11. HP: 80/99 MP: 11/11
 10716 | D:9      | Gained Bogmar as an ally
 10724 | D:9      | Reached skill level 10 in Fighting
 11038 | D:10     | Entered Level 10 of the Dungeon
 11041 | D:10     | Noticed a two-headed ogre
 11058 | D:10     | Killed a two-headed ogre
 11059 | D:10     | Reached skill level 1 in Invocations
 11323 | D:10     | Found a broken altar of Ashenzari.
 11324 | D:10     | Found a stormy altar of Qazlal.
 11334 | D:10     | Reached skill level 16 in Axes
 11377 | D:10     | Noticed Snorg
 11398 | D:10     | Killed Snorg
 11521 | D:10     | Noticed Urug
 11533 | D:10     | Killed Urug
 11751 | D:10     | Found a hide-covered altar of Uskayaw.
 12012 | D:10     | Noticed a cyclops
 12020 | D:10     | Killed a cyclops
 12313 | D:11     | Gained Morguth as an ally
 12320 | D:11     | Your ally Morguth died
 12325 | D:11     | Found a staircase to the Lair.
 12374 | D:11     | Gained Rocco as an ally
 12559 | D:11     | Reached skill level 5 in Shields
 12666 | D:11     | Found a staircase to the Orcish Mines.
 13076 | Lair:1   | Entered Level 1 of the Lair of Beasts
 13259 | Lair:1   | Reached skill level 5 in Invocations
 13526 | Lair:1   | Reached XP level 12. HP: 107/110 MP: 16/16
 13676 | Lair:1   | Reached skill level 10 in Armour
 13677 | Lair:1   | Reached ***** piety under Beogh
 14244 | Lair:2   | Noticed Gastronok
 14359 | Lair:2   | Killed Gastronok
 14663 | Lair:2   | Noticed a death yak
 14664 | Lair:2   | Noticed a death yak
 14664 | Lair:2   | Noticed a death yak
 14678 | Lair:2   | Killed a death yak
 14679 | Lair:2   | Reached skill level 17 in Axes
 14683 | Lair:2   | Killed a death yak
 14686 | Lair:2   | Killed a death yak
 15036 | Lair:2   | Found a hole to the Spider Nest.
 15042 | Lair:2   | Reached skill level 18 in Axes
 15057 | Lair:2   | HP: 5/111 [jumping spider simulacrum (12)]
 15058 | Lair:2   | Slain by a jumping spider simulacrum

Illustrated notes

Levels and vault maps discovered:
D:1:      dpeg_arrival_long_road, layout_rooms, corner_web_ring
D:2:      minmay_recursive_quarters, layout_basic, basic_altar,
          minmay_tetromino_s4
D:3:      layout_loops_ring, grunt_temple_overflow_opulence, serial_shops, shop,
          shop, shop, grunt_decor_one_mirror, minmay_misc_feat_nine_boxes,
          uniq_pargi, uniq_sigmund
D:4:      layout_basic, serial_shops, shop_fountains
D:5:      layout_rooms, gammafunk_ghost_stat_death
D:6:      layout_rooms, bloody_makhleb, temple_statues,
          cheibrodos_sewer_entry_bend, gammafunk_ghost_arena,
          uniq_blork_the_orc, uniq_menkaure
D:7:      layout_basic, kennysheep_generic_room_4, uniq_crazy_yiuf_cottage,
          uniq_pikel, uniq_prince_ribbit1, uniq_duvessa
D:8:      layout_basic, mainiacjoe_overflow_alcove_1, hellmonk_ghost_big_iron,
          enter_bailey_5, serial_shops, shop, minmay_joined_circles
D:9:      layout_roguey, mainiacjoe_overflow_alcove_4, nzn_ghost_randoct,
          uniq_joseph
D:10:     layout_long_grid, mainiacjoe_overflow_tiny_flanked,
          nicolae_overflow_squiral, uniq_snorg, uniq_urug
D:11:     layout_basic, due_lair_maze_entry_diamond
Lair:1:   layout_loops_ring
Lair:2:   layout_loops_ring, nicolae_spider_entry_lesser_pyramids,
          uniq_gastronok

Skill      XL: |  1  2  3  4  5  6  7  8  9 10 11 12 |
---------------+-------------------------------------+-----
Axes           | 3 4 5 7 8 10 11 13 15 16 18 | 18.0
Fighting       | 4 5 7 8 9 11 | 11.7
Armour         | 2 3 5 6 8 9 10 | 10.2
Shields        | 2 5 6 |  6.5
Invocations    | 5 6 |  6.8
Dodging        | |  1.5
Stealth        | |  4.1

Action                     |  1- 3 |  4- 6 |  7- 9 | 10-12 || total
---------------------------+-------+-------+-------+-------++-------
  Melee: Hand axe          |   130 |   115 |   144 |       ||   389
         Punch             |       |     4 |     5 |     1 ||    10
         Unarmed           |       |     3 |       |       ||     3
         War axe           |       |       |   119 |   379 ||   498
         Broad axe         |       |       |       |   109 ||   109
  Throw: Stone             |     9 |     2 |     1 |       ||    12
         Javelin           |       |     7 |    16 |       ||    23
 Invoke: Convert to Beogh  |     1 |       |       |       ||     1
         Recall Orcish Fol |       |       |       |     2 ||     2
         Stop Recall       |       |       |       |     1 ||     1
  Evoke: Wand              |       |       |     2 |     3 ||     5
    Use: Scroll            |     1 |       |     7 |     8 ||    16
         Potion            |     1 |     5 |     8 |     4 ||    18
   Stab: Sleeping          |     5 |       |       |       ||     5
         Invisible         |       |     4 |       |       ||     4
         Distracted        |       |       |       |     4 ||     4
         Confused          |       |       |       |     4 ||     4
 Armour: Leather armour    |    25 |       |       |       ||    25
         Scale mail        |    15 |    36 |    60 |       ||   111
         Skin              |       |     9 |       |       ||     9
         Chain mail        |       |       |    55 |   208 ||   263
  Dodge: Dodged            |    83 |    52 |   129 |   165 ||   429
  Block: Buckler           |       |       |       |    85 ||    85
